 Dungeon Crawl Stone Soup version 0.22-a0-617-g6d95e9e (webtiles) character file.

87 Amnesiac the Digger (level 4, -3/30 HPs)
             Began as a Mummy Earth Elementalist on July 13, 2018.
             Slain by an iguana (8 damage)
             ... on level 4 of the Dungeon.
             The game lasted 00:01:50 (625 turns).

Amnesiac the Digger (Mummy Earth Elementalist)       Turns: 625, Time: 00:01:51

Health: -3/30      AC:  2    Str: 11    XL:     4   Next: 28%
Magic:  0/9        EV: 12    Int: 15    God:
Gold:   38         SH:  0    Dex: 12    Spells: 3/10 levels left

rFire    x . .     SeeInvis .   d - +0 dagger
rCold    + . .     Gourm    .   (no shield)
rNeg     + + +     Faith    .   c - +0 robe
rPois    ∞         Spirit   .   (no helmet)
rElec    .         Reflect  .   (no cloak)
rCorr    .         Harm     .   (no gloves)
MR       .....                  (no boots)
Stlth    ++........             (no amulet)
HPRegen  0.10/turn              (no ring)
MPRegen  0.11/turn              (no ring)

@: very slightly contaminated
A: no food or potions, fire vulnerability, cold resistance 1, negative energy
resistance 3, torment resistance, unbreathing
a: no special abilities


You were on level 4 of the Dungeon.
You were not hungry.

You visited 1 branch of the dungeon, and saw 4 of its levels.

You collected 38 gold pieces.

Inventory:

Hand Weapons
 d - a +0 dagger (weapon)
Missiles
 b - 7 stones (quivered)
Armour
 c - a +0 robe (worn)
Scrolls
 a - a scroll of remove curse {!r, unknown}


   Skills:
 + Level 0.0 Short Blades
 - Level 1.5 Dodging
 - Level 1.5 Stealth
 + Level 3.8 Spellcasting
 + Level 0.7 Transmutations
 * Level 3.8 Earth Magic


You had 3 spell levels left.
You knew the following spells:

 Your Spells              Type           Power        Failure   Level  Hunger
a - Sandblast             Erth           ##....       3%          1    N/A
b - Passwall              Tmut/Erth      #.......     11%         2    N/A
e - Petrify               Tmut/Erth      #.......     58%         4    N/A

Your spell library contained the following spells:

 Spells                   Type           Power        Failure   Level  Hunger
 Stone Arrow              Conj/Erth      #.....       26%         3    N/A
 Lee's Rapid Deconstruct  Erth           ##........   71%         5    N/A

Dungeon Overview and Level Annotations

Branches:
Dungeon (4/15)
 Temple: D:4-7

Altars:


Innate Abilities, Weirdness & Mutations

You do not eat or drink.
Your flesh is vulnerable to fire.
You are immune to poison.
Your flesh is cold resistant. (rC+)
You are immune to negative energy. (rN+++)
You are immune to unholy pain and torment.
You can survive without breathing.


Message History

Aim: an iguana (heavily wounded)
The blast of sand misses the iguana.
b - 12 stones The iguana bites you.
Casting: Sandblast (safe; 3% risk of failure)
Confirm with . or Enter, or press ? or * to list all spells.
Aiming: Sandblast (safe; 3% risk of failure)
Press: ? - help, Shift-Dir - straight line, f/p - iguana
Aim: an iguana (heavily wounded)
The blast of sand hits the iguana.
The iguana is heavily wounded.
b - 11 stones The iguana closely misses you.
Casting: Sandblast (safe; 3% risk of failure)
Confirm with . or Enter, or press ? or * to list all spells.
Aiming: Sandblast (safe; 3% risk of failure)
Press: ? - help, Shift-Dir - straight line, f/p - iguana
Aim: an iguana (heavily wounded)
You miscast Sandblast.
You are very lightly contaminated with residual magic.
Motes of dust swirl before your eyes. The iguana misses you.
Casting: Sandblast (safe; 3% risk of failure)
Confirm with . or Enter, or press ? or * to list all spells.
Aiming: Sandblast (safe; 3% risk of failure)
Press: ? - help, Shift-Dir - straight line, f/p - iguana
Aim: an iguana (heavily wounded)
The blast of sand hits the iguana.
The iguana is severely wounded.
b - 10 stones The iguana barely misses you.
Casting: Sandblast (safe; 3% risk of failure)
Confirm with . or Enter, or press ? or * to list all spells.
Aiming: Sandblast (safe; 3% risk of failure)
Press: ? - help, Shift-Dir - straight line, f/p - iguana
Aim: an iguana (severely wounded)
The blast of sand misses the iguana.
The blast of sand hits the giant cockroach.
You kill the giant cockroach!
b - 9 stones The iguana bites you!
* * * LOW HITPOINT WARNING * * *
Casting: Sandblast (safe; 3% risk of failure)
Confirm with . or Enter, or press ? or * to list all spells.
You don't have enough magic to cast that spell.
Casting: Sandblast (safe; 3% risk of failure)
Confirm with . or Enter, or press ? or * to list all spells.
Aiming: Sandblast (safe; 3% risk of failure)
Press: ? - help, Shift-Dir - straight line, f/p - iguana
Aim: an iguana (severely wounded)
The blast of sand hits the iguana.
The iguana is severely wounded.
b - 8 stones The iguana bites you.
* * * LOW HITPOINT WARNING * * *
You hear the brisk hiss of a very distant avalanche of sand.
Casting: Sandblast (safe; 3% risk of failure)
Confirm with . or Enter, or press ? or * to list all spells.
Aiming: Sandblast (safe; 3% risk of failure)
Press: ? - help, Shift-Dir - straight line, f/p - iguana
Aim: an iguana (severely wounded)
The blast of sand misses the iguana.
b - 7 stones The iguana bites you!
You die...

##########
.....)...#
.#######.#
#####.########
#............#
#.###.######.#
... #...# #.#
..... ###@####.#
#.###. #...l.##.#
# ##.###.....#..#
#...<........##
......###.....[.#
..... #.......#
#... ###.##..#
#.# ...##..# #
.#####..#


You could see an iguana.

Vanquished Creatures
  An orc wizard (D:3)
  A worker ant (D:4)
  2 adders
  A worm (D:2)
  A dart slug (D:1)
  A leopard gecko (D:2)
  3 giant cockroaches
  A goblin (D:1)
  A hobgoblin (D:1)
  A bat (D:2)
  2 rats
15 creatures vanquished.

Notes
Turn   | Place    | Note
-------+----------+-------------------------------------------
     0 | D:1      | Amnesiac the Mummy Earth Elementalist began the quest for the Orb.
     0 | D:1      | Reached XP level 1. HP: 13/13 MP: 4/4
   126 | D:2      | Reached XP level 2. HP: 19/19 MP: 2/5
   314 | D:3      | Learned a level 2 spell: Passwall
   350 | D:4      | Reached XP level 3. HP: 10/24 MP: 1/7
   395 | D:3      | Reached XP level 4. HP: 12/30 MP: 1/9
   424 | D:3      | Learned a level 4 spell: Petrify
   625 | D:4      | Slain by an iguana

Vault maps used:
D:1:      dpeg_arrival_ratfight
D:2:      lemuel_blue_sif_altar
D:3:      lemuel_round_altar
D:4:      nicolae_tso_swordbearing_angel, nicolae_ossuary_entry_giza,
          serial_shops, nicolae_shop_stone, minmay_bent, uniq_edmund

Skill      XL: |  1  2 |
---------------+-------+-----
Earth Magic    | 3 |  3.8
Spellcasting   | 3 |  3.8
Dodging        | |  1.5
Stealth        | |  1.5
Transmutations | |  0.7

Action                   |  1- 3 |  4- 6 || total
-------------------------+-------+-------++-------
Melee: Unarmed           |     1 |       ||     1
 Cast: Sandblast         |    29 |    14 ||    43
Dodge: Dodged            |     3 |     5 ||     8

Table legend:
 A = Spawn XP
 B = Non-spawn XP
 C = Spawn XP percentage of total XP
 D = Spawn monster count
 E = Non-spawn monster count
 F = Spawn count percentage of total count
 G = Total turns spent on level
                    A         B        C        D         E        F      G
               +---------+---------+-------+---------+---------+-------+---------
         Total |       0 |     125 |   0.0 |       0 |      15 |   0.0 |   625
               +---------+---------+-------+---------+---------+-------+---------
           D:1 |       0 |       8 |   0.0 |       0 |       3 |   0.0 |   122
           D:2 |       0 |      28 |   0.0 |       0 |       7 |   0.0 |   184
           D:3 |       0 |      54 |   0.0 |       0 |       3 |   0.0 |   238
           D:4 |       0 |      35 |   0.0 |       0 |       2 |   0.0 |    81
               +---------+---------+-------+---------+---------+-------+---------
